 Dungeon Crawl Stone Soup version 0.16-a0-3394-g83d1dde (console) character file.

602 MarvinPA the Insei (level 7, -1/50 HPs)
             Began as an Octopode Transmuter on Dec 30, 2014.
             Killed from afar by an orc wizard (10 damage)
             ... with a puff of frost
             ... on level 5 of the Dungeon.
             The game lasted 00:13:37 (5282 turns).

MarvinPA the Insei (Octopode Transmuter)            Turns: 5282, Time: 00:13:37

Health: -1/50      AC:  1    Str:  9    XL:     7   Next: 41%
Magic:  12/12      EV: 18    Int: 17    God:
Gold:   203        SH:  0    Dex: 13    Spells: 3 memorised, 4 levels left

rFire  . . .     SeeInvis .       - Unarmed
rCold  . . .     Clarity  .     (no shield)
rNeg   . . .     SustAb   .     (helmet restricted)
rPois  .         Gourm    .     (no amulet)
rElec  .         Spirit   .     s - +6 ring of evasion
rCorr  .         Warding  .     (no ring)
rMut   .         Stasis   .     (no ring)
MR     .....                    (no ring)
Stlth  ++........               (no ring)
                                (no ring)
                                (no ring)
                                (no ring)

@: not resistant to hostile enchantments, unstealthy
A: almost no armour, amphibious, 8 rings, constrict 8, camouflage 1, gelatinous
body 1
a: no special abilities


You were on level 5 of the Dungeon.
You were not hungry.

You visited 1 branch of the dungeon, and saw 5 of its levels.

You collected 203 gold pieces.


Innate Abilities, Weirdness & Mutations

You cannot wear most types of armour.
You are amphibious.
You can wear up to eight rings at the same time.
You can use your tentacles to constrict many enemies at once.
Your skin changes colour to match your surroundings (Stealth).
Your rubbery body absorbs attacks (AC +1).


   Skills:
 - Level 5.0 Fighting
 - Level 2.0 Dodging
 + Level 6.0 Unarmed Combat
 - Level 2.0 Spellcasting
 + Level 3.1 Transmutations


You had 4 spell levels left.
You knew the following spells:

 Your Spells              Type           Power        Failure   Level  Hunger
x - Spider Form           Trmt/Pois      #.........   30%         3    ###....
z - Beastly Appendage     Trmt           ##....       6%          1    #......
Z - Sticks to Snakes      Trmt           ##........   10%         2    ###....

Inventory:

Missiles
 b - 24 arrows
 e - 3 curare-tipped needles
 g - 6 tomahawks
 m - 24 poisoned needles
 x - a throwing net (quivered)
Magical staves
 r - an uncursed staff of wizardry {!a}
Jewellery
 s - a +6 ring of evasion (left tentacle)
Magical devices
 o - a wand of disintegration (9)
 p - a wand of disintegration (9)
 y - a wand of slowing (14)
Scrolls
 c - 4 scrolls of teleportation
 f - 2 scrolls of remove curse
 i - a scroll of magic mapping
 n - a scroll of immolation {!r}
Potions
 h - a potion of heal wounds {unknown}
 k - a potion of restore abilities {unknown}
 l - a potion of lignification {!q}
 q - a potion of resistance {unknown}
 t - a potion of might
 u - a potion of magic
 v - 2 potions of poison {unknown}
 w - a potion of berserk rage {unknown}
 A - a potion of curing
Books
 d - a book of Changes
Comestibles
 a - 4 bread rations
 z - a meat ration

Dungeon Overview and Level Annotations

Branches:
Dungeon (5/15)
 Temple: D:4-7

Altars:
Nemelex Xobeh
The Shining One

#.######.#.............#
###.##)......##.########.#
....##.###...##.# #.#
.>)..........##.# #.#
..####.####..##.#### #.#
..# #.# #..##....# #.#
..####.# #..#####.## #.#
.......# #..####...####.#
....o..####.....x........#
.........##Z#####.<.######
(.####Z#.##.######.## .(#
#.#..)........# ((##
#....Z.......## #)(#
############## ##.()......
#.#...#.. #...o....


You could see an adder zombie.


Message History

The orc is moderately wounded.
The orc closely misses you.
The orc throws a stone.
The stone hits you but does no damage.
You kill the orc!
The orc throws a stone.
The stone hits you but does no damage.
You see here a stone.
You swing at nothing.
The orc throws a stone.
The stone completely misses you.
You barely miss the adder zombie.
Your transformation has ended.
The adder zombie completely misses you.
You hear some strange, mumbled words.
The magic dart hits you!
* * * LOW HITPOINT WARNING * * *
Something hits you.
* * * LOW HITPOINT WARNING * * *
The magic dart hits you!
* * * LOW HITPOINT WARNING * * *
Something hits you.
* * * LOW HITPOINT WARNING * * *
You hear some strange, mumbled words.
A puff of flame appears from out of thin air!
The puff of flame hits you!
* * * LOW HITPOINT WARNING * * *
You see here a hand crossbow.
You hear some strange, mumbled words.
A puff of flame appears from out of thin air!
The puff of flame misses you.
You hear some strange, mumbled words.
The puff of frost hits you!
You die...

Action                   |  1- 3 |  4- 6 |  7- 9 || total
-------------------------+-------+-------+-------++-------
Melee: Unarmed           |    60 |   176 |    53 ||   289
Throw: Throwing net      |       |     1 |       ||     1
 Cast: Beastly Appendage |     6 |       |       ||     6
       Spider Form       |     5 |    18 |     5 ||    28
       Sticks to Snakes  |       |     8 |       ||     8
 Abil: End Transformatio |       |     9 |     5 ||    14
Evoke: Wand              |       |     3 |       ||     3
  Use: Scroll            |       |    11 |       ||    11
       Potion            |       |       |     1 ||     1
 Stab: Sleeping          |     4 |     2 |     1 ||     7
  Eat: Chunk             |     3 |    11 |     4 ||    18
       Fruit             |       |     2 |       ||     2

Vault maps used:
D:1:      dpeg_arrival_simpleton_c
D:2:      first_bread
D:3:      nemelex_deck, uniq_iyjb
D:4:      tso_metal_star, uniq_sigmund
D:5:      lemuel_coloured_pillars_altar, yredelemnul_altar_generic

Notes
Turn   | Place    | Note
--------------------------------------------------------------
     0 | D:1      | MarvinPA, the Octopode Transmuter, began the quest for the Orb.
     0 | D:1      | Reached XP level 1. HP: 13/13 MP: 3/3
   193 | D:1      | Reached XP level 2. HP: 15/18 MP: 2/4
   198 | D:1      | Learned a level 2 spell: Sticks to Snakes
   702 | D:2      | Reached skill level 2 in Fighting
   702 | D:2      | Reached XP level 3. HP: 20/24 MP: 4/6
   723 | D:2      | Learned a level 3 spell: Spider Form
  1604 | D:2      | Reached skill level 4 in Unarmed Combat
  1604 | D:2      | Reached XP level 4. HP: 25/30 MP: 4/7
  1668 | D:2      | good
  2018 | D:4      | Noticed a phantom
  2078 | D:3      | Reached skill level 3 in Fighting
  2676 | D:3      | Reached XP level 5. HP: 17/36 MP: 2/9
  2986 | D:3      | Found a sparkling altar of Nemelex Xobeh.
  3031 | D:3      | oops
  3638 | D:3      | Noticed Ijyb
  3644 | D:3      | ok
  3653 | D:3      | Killed Ijyb
  3653 | D:3      | Reached skill level 4 in Fighting
  3922 | D:3      | Reached XP level 6. HP: 23/43 MP: 4/10
  3957 | D:3      | Reached skill level 5 in Unarmed Combat
  3983 | D:3      | Noticed yuleCrawler's ghost (average FoFi)
  3986 | D:3      | Killed yuleCrawler's ghost
  4389 | D:4      | Killed a phantom
  4389 | D:4      | Reached skill level 5 in Fighting
  4558 | D:4      | Reached XP level 7. HP: 40/50 MP: 8/12
  4779 | D:4      | Found a glowing golden altar of the Shining One.
  4862 | D:4      | Noticed Sigmund
  4875 | D:4      | Killed Sigmund
  4875 | D:4      | Reached skill level 6 in Unarmed Combat
  4936 | D:4      | Reached skill level 3 in Transmutations
  5114 | D:5      | Entered Level 5 of the Dungeon
  5282 | D:5      | Killed from afar by an orc wizard

Vanquished Creatures
  A phantom (D:4)
  The ghost of yuleCrawler the Slasher, an average FoFi (D:3)
  Sigmund (D:4)
  An orc priest (D:4)
  3 orc wizards
  Ijyb (D:3)
  A worker ant zombie (D:4)
  A gnoll (D:3)
  A shadow imp (D:4)
  8 adders
  6 worms
  2 adder skeletons (D:4)
  6 giant geckos
  13 orcs
  2 ball pythons
  4 giant cockroaches
  11 goblins
  8 hobgoblins
  5 kobolds
  6 bats
  6 giant newts
  3 jackals (D:2)
  10 rats
101 creatures vanquished.
